 Dungeon Crawl Stone Soup version 0.23.2 (webtiles) character file.

Game seed: 3749630464756019338

112913 Fang the Warrior (level 16, -4/165 HPs)
             Began as a Gargoyle Berserker on Apr 3, 2019.
             Was a High Priest of Trog.
             Killed from afar by a deep elf knight (30 damage)
             ... with a stone arrow
             ... on level 1 of the Elven Halls.
             The game lasted 00:30:47 (21305 turns).

Fang the Warrior (Gargoyle Berserker)              Turns: 21305, Time: 00:30:47

Health: -4/165     AC: 42    Str: 34    XL:     16   Next: 61%
Magic:  16/16      EV: 11    Int:  7    God:    Trog [*****.]
Gold:   1611       SH:  0    Dex:  4    Spells: 15/15 levels left

rFire    . . .     SeeInvis +   l - +3 war axe (drain)
rCold    + . .     Gourm    .   (no shield)
rNeg     + . .     Faith    .   u - +7 plate armour {rC+}
rPois    ∞         Spirit   .   a - +2 helmet
rElec    +         Reflect  .   N - scarf {cloud immunity}
rCorr    +         Harm     .   q - +1 pair of gloves of the Archfiend {Dex-5 SInv Stlth+}
MR       ++++.                  (no boots)
Stlth    ..........             g - amulet of regeneration
HPRegen  1.77/turn              m - ring of protection from magic
MPRegen  0.15/turn              s - ring of resist corrosion

@: berserking, flying, regenerating, very quick
A: big wings, negative energy resistance 1, electricity resistance, unbreathing,
petrification resistance, rot immunity, AC +12
a: Stop Flying, Berserk, Trog's Hand, Brothers in Arms, Renounce Religion


You were on level 1 of the Elven Halls.
You worshipped Trog.
Trog was extremely pleased with you.
You were very hungry.

You visited 6 branches of the dungeon, and saw 26 of its levels.
You also visited: Gauntlet.

You collected 2407 gold pieces.
You spent 796 gold pieces at shops.

Inventory:

Hand Weapons
 l - a +3 war axe of draining (weapon)
 F - a +4 executioner's axe of electrocution
 I - a +3 battleaxe of chopping
 K - a +0 war axe
 O - a +3 antimagic battleaxe
 Q - the +4 battleaxe "Demonbane" {flame, Int+3 Dex+3}
   (You bought it in a shop on level 13 of the Dungeon)

   It has been specially enchanted to burn those struck by it, causing extra
   injury to most foes and up to half again as much damage against particularly
   susceptible opponents.
   Big, fiery blades are also staple armaments of hydra-hunters.
   It affects your intelligence (+3).
   It affects your dexterity (+3).
 S - a +2 war axe of flaming
Armour
 a - a +2 helmet (worn)
 q - the +1 pair of gloves of the Archfiend (worn) {Dex-5 SInv Stlth+}
   (You found it on level 4 of the Dungeon)

   It affects your dexterity (-5).
   It lets you see invisible.
   It makes you more stealthy.
 u - a +7 plate armour of cold resistance (worn)
 N - a scarf of cloud immunity (worn)
Jewellery
 g - an amulet of regeneration (around neck)
 m - a ring of protection from magic (left hand)
 s - a ring of resist corrosion (right hand)
 B - an uncursed ring of stealth
 D - an uncursed ring of protection from fire
 H - an uncursed ring of protection from cold
Wands
 p - a wand of random effects (59)
 v - a wand of polymorph (11)
 w - a wand of iceblast (19)
 y - a wand of digging (3)
 C - a wand of disintegration (13)
 E - a wand of scattershot (6)
 J - a wand of acid (5)
 P - a wand of flame (14)
Scrolls
 d - 2 scrolls of magic mapping
 f - 6 scrolls of identify
 h - 8 scrolls of remove curse
 k - 11 scrolls of teleportation
 A - a scroll of blinking
 M - a scroll of fear
Potions
 b - a potion of might
 e - 2 potions of invisibility
 i - a potion of mutation
 j - 3 potions of brilliance
 n - 3 potions of ambrosia
 o - 2 potions of curing
 r - a potion of cancellation
 t - 2 potions of magic
 x - 2 potions of haste
 z - a potion of heal wounds
Comestibles
 c - 39 rations


   Skills:
 + Level 15.8 Fighting
 + Level 13.6 Axes
 + Level 15.6 Armour
 + Level 12.5 Dodging


You had 15 spell levels left.
You didn't know any spells.
Your spell library was empty.

Dungeon Overview and Level Annotations

Branches:
Dungeon (15/15)            Temple (1/1) D:4            Lair (6/6) D:8
  Swamp (0/4) Lair:2       Spider (0/4) Lair:4        Slime (0/5) Lair:5
    Orc (2/2) D:10            Elf (1/3) Orc:2        Vaults (0/5) D:13
 Depths (1/5) D:15

Altars:
Cheibriados
Fedhas
Kikubaaqudgha
Makhleb
Okawaru
Qazlal
Trog
Uskayaw
Wu Jian
Xom
Yredelemnul
The Shining One
Beogh
Jiyva

Shops:
D:5 }*:[?   D:9 (   D:13 !((   Orc:1 [*[?   Orc:2 }[=*

Portals:
Trove: D:11 (give 18 potions of curing)

Annotations:
D:7 1 runed translucent door
D:14 exclusion: Roxanne, Roxanne


Innate Abilities, Weirdness & Mutations

You are resistant to torment.
Your stone body is resilient. (AC +12)
You are immune to poison.
Your large and strong wings let you fly indefinitely.
You resist negative energy. (rN+)
You are resistant to electric shocks. (rElec)
You can survive without breathing.
You are immune to petrification.
You are immune to rotting.


Message History

* * * LOW HITPOINT WARNING * * *
Found 2 potions of flight, 17 gold pieces and a ration.
You hit the deep elf knight. You drain the deep elf knight.
The deep elf knight is lightly wounded.
A red film seems to cover your vision as you go berserk!
You feel yourself moving faster!
You feel mighty!
You are feeling very hungry.
The deep elf knight hits you but does no damage.
You slash the deep elf knight!
The deep elf knight is heavily wounded.
The deep elf knight hits you but does no damage.
You slash the deep elf knight!
The deep elf knight is almost dead.
You closely miss the deep elf knight.
The deep elf knight is almost dead.
You closely miss the deep elf knight.
The deep elf knight is almost dead.
The deep elf knight points at you and mumbles some strange words.
The stone arrow hits you!!
You die...

##.........##
#...........#
#...........#
#...........#
#...%.......+
#..!.....$..#
#...e.....#
#..@....+
##.....##
##+####


You could see a deep elf knight.

Vanquished Creatures
  Rupert (D:15)
  An orc warlord (Orc:2)
  A very ugly thing (D:15)
  2 stone giants (Depths:1)
  A deep elf elementalist (Elf:1)
  A minotaur (Gauntlet)
  A deep elf annihilator (Elf:1)
  Josephine (Lair:5)
  Snorg (Lair:6)
  Erolcha (D:12)
  A great orb of eyes (D:15)
  3 hydras
  4 vault guards (D:13)
  A quicksilver dragon skeleton (D:15)
  A catoblepas (Lair:4)
  4 centaur warriors
  2 two-headed ogres
  2 dancing weapons (Elf:1)
  Sonja (D:11)
  A titan skeleton (Depths:1)
  4 deep elf knights (Elf:1)
  A storm dragon skeleton (D:14)
  4 unseen horrors
  A flayed ghost (D:15)
  2 glowing orange brains (Gauntlet)
  A deep elf archer (Elf:1)
  5 orc knights
  A mana viper (shapeshifter) (Elf:1)
  4 necromancers
  3 orc sorcerers
  A manticore (D:12)
  3 oklob plants
  4 ugly things
  4 cyclopes
  11 deep elf magi
  A frost giant skeleton (Depths:1)
  An elephant (D:8)
  4 black mambas
  2 stone giant skeletons
  23 spiny frogs
  12 centaur skeletons
  2 gargoyles
  5 kobold demonologists
  3 rime drakes
  A tengu conjurer (D:14)
  2 guardian mummies (D:15)
  An ice devil (Gauntlet)
  6 komodo dragons
  A freezing wraith (D:15)
  A queen bee (shapeshifter) (D:15)
  4 trolls
  A yaktaur skeleton (Depths:1)
  3 hornets
  3 polar bears
  4 tyrant leeches (Lair:6)
  26 blink frogs
  A blink frog (shapeshifter) (D:14)
  13 hippogriffs
  A bog body (Lair:2)
  An ice dragon skeleton (D:15)
  82 yaks
  A spriggan (D:11)
  2 shadows (D:10)
  4 wraiths
  5 wyverns
  A fire elemental (Elf:1)
  5 basilisks
  6 hungry ghosts
  10 vampire mosquitoes
  2 wargs
  A human zombie (D:15)
  Menkaure (D:4)
  4 acid dragons
  17 water moccasins
  9 porcupines
  Duvessa (D:6)
  5 ice beasts
  32 orc warriors
  3 black bears
  An eye of draining (D:13)
  2 sky beasts
  10 ogres
  A necrophage (D:12)
  2 boggarts (D:14)
  2 phantoms
  5 wolves (Lair:4)
  19 centaurs
  11 crocodiles
  Blork the orc (D:4)
  5 big kobolds
  23 bullfrogs
  A wyvern zombie (D:15)
  Dowan (D:6)
  5 scorpions
  7 killer bees
  16 wights
  An electric eel (Lair:6)
  5 howler monkeys
  7 crimson imps
  A bullfrog zombie (D:12)
  3 quasits
  2 jellies
  9 centaur zombies
  Crazy Yiuf (D:2)
  11 orc priests
  9 hounds
  2 bullfrog skeletons
  Ijyb (D:4)
  5 iguanas
  18 orc wizards
  12 worker ants
  4 yak simulacra (Lair:5)
  4 polar bear simulacra (Lair:5)
  A wolf simulacrum (Lair:5)
  A hound zombie (D:4)
  2 hound skeletons (D:5)
  A howler monkey zombie (D:5)
  2 worker ant zombies
  A gnoll (D:1)
  9 adders
  4 shadow imps
  2 white imps (Gauntlet)
  An adder skeleton (D:4)
  An adder zombie (D:9)
  A worm (D:2)
  A dart slug (D:2)
  6 leopard geckos
  84 orcs
  10 giant cockroaches
  3 goblins
  7 hobgoblins
  12 jackals
  7 quokkas
  9 bats
  5 frilled lizards
  A jackal skeleton (D:7)
  25 kobolds
  A leopard gecko skeleton (D:4)
  2 quokka skeletons
  2 quokka zombies
  10 rats
  2 river rat simulacra (Lair:5)
  2 fungi
  7 plants
  A withered plant (D:15)
823 creatures vanquished.

Vanquished Creatures (collateral kills)
  3 hydras
  4 spiny frogs (Lair:6)
  2 blink frogs (Lair:6)
  2 vampire mosquitoes (Lair:6)
  A water moccasin (Lair:6)
  3 orc warriors (Orc:2)
  An ogre (Orc:2)
  A centaur (Orc:2)
  A bullfrog (Lair:6)
  An orc priest (D:12)
  3 orcs (Orc:2)
22 creatures vanquished.

Vanquished Creatures (others)
  A warg (Orc:2)
  A boggart (D:14)
  An orc wizard (Orc:2)
  15 fungi
  32 plants
50 creatures vanquished.

Grand Total: 895 creatures vanquished

Notes
Turn   | Place    | Note
-------+----------+-------------------------------------------
     0 | D:1      | Fang the Gargoyle Berserker began the quest for the Orb.
     0 | D:1      | Reached XP level 1. HP: 14/14 MP: 1/1
    54 | D:1      | Reached XP level 2. HP: 8/19 MP: 2/2
   472 | D:1      | Reached XP level 3. HP: 21/23 MP: 3/3
  1018 | D:2      | Reached ** piety under Trog
  1089 | D:2      | Found a burning altar of Makhleb.
  1095 | D:2      | Reached XP level 4. HP: 19/29 MP: 4/4
  1184 | D:2      | Found a runed translucent door.
  1185 | D:2      | Noticed Crazy Yiuf
  1473 | D:2      | Killed Crazy Yiuf
  1473 | D:2      | Reached XP level 5. HP: 30/33 MP: 5/5
  1516 | D:3      | Found a snail-covered altar of Cheibriados.
  1557 | D:3      | Noticed a water moccasin
  1575 | D:3      | Killed a water moccasin
  1575 | D:3      | Reached XP level 6. HP: 26/39 MP: 6/6
  1952 | D:3      | Reached *** piety under Trog
  1960 | D:3      | Found a glowing golden altar of the Shining One.
  2228 | D:4      | Reached skill level 5 in Fighting
  2298 | D:4      | Reached XP level 7. HP: 44/44 MP: 7/7
  2300 | D:4      | Found a staircase to the Ecumenical Temple.
  2322 | D:4      | Found a shimmering altar of Xom.
  2327 | Temple   | Entered the Ecumenical Temple
  2630 | D:4      | Noticed Ijyb
  2632 | D:4      | Found a transporter.
  2634 | D:4      | Noticed Menkaure
  2645 | D:4      | Found a basalt altar of Yredelemnul.
  2645 | D:4      | Found an ancient bone altar of Kikubaaqudgha.
  2653 | D:4      | Killed Menkaure
  2669 | D:4      | Killed Ijyb
  2669 | D:4      | Reached skill level 5 in Armour
  2680 | D:4      | Found a transporter.
  2693 | D:4      | Got a pair of jewelled gloves
  2699 | D:4      | Identified the +1 pair of gloves of the Archfiend {Dex-5
                  | SInv Stlth+} (You found it on level 4 of the Dungeon)
  2775 | D:4      | Noticed Blork the orc
  2792 | D:4      | Killed Blork the orc
  2792 | D:4      | Reached XP level 8. HP: 27/51 MP: 8/8
  2883 | D:5      | Entered Level 5 of the Dungeon
  2883 | D:5      | Found Fidwos's Book Boutique.
  2924 | D:5      | Reached **** piety under Trog
  2929 | D:5      | Reached skill level 5 in Axes
  2929 | D:5      | Received a gift from Trog
  3032 | D:5      | Found a stormy altar of Qazlal.
  3032 | D:5      | Found a bloodstained altar of Trog.
  3054 | D:5      | Found Fazxed's Magic Scroll Shop.
  3092 | D:5      | Found Ytill's Antique Armour Shoppe.
  3128 | D:5      | Found Xarauvua's Assorted Antiques.
  3181 | D:5      | Found Iggoif's Gadget Shoppe.
  3257 | D:5      | Found an iron altar of Okawaru.
  3349 | D:6      | Noticed Duvessa
  3349 | D:6      | Noticed Dowan
  3368 | D:6      | Killed Dowan
  3371 | D:6      | Killed Duvessa
  3630 | D:6      | Received a gift from Trog
  3640 | D:6      | Reached XP level 9. HP: 53/56 MP: 9/9
  4277 | D:6      | Reached skill level 5 in Dodging
  4557 | D:7      | Found a runed translucent door.
  4578 | D:7      | Found a runed translucent door.
  4620 | D:7      | Received a gift from Trog
  4781 | D:7      | Noticed a +0 dagger
  4782 | D:7      | Found a hide-covered altar of Uskayaw.
  4782 | D:7      | Noticed a +0 hand axe
  4813 | D:7      | Found a blossoming altar of Fedhas.
  5370 | D:8      | Noticed a two-headed ogre
  5380 | D:8      | Killed a two-headed ogre
  5380 | D:8      | Reached XP level 10. HP: 34/64 MP: 10/10
  5558 | D:8      | Noticed an elephant
  5581 | D:8      | Killed an elephant
  5653 | D:8      | Found a staircase to the Lair.
  5748 | D:8      | Found an ornate altar of the Wu Jian Council.
  5968 | D:9      | Reached ***** piety under Trog
  6042 | D:9      | Found Nybbeng's Antique Weapon Shop.
  6095 | D:9      | Received a gift from Trog
  6273 | D:10     | Entered Level 10 of the Dungeon
  6437 | D:10     | Found a staircase to the Orcish Mines.
  6472 | D:10     | Reached XP level 11. HP: 50/71 MP: 11/11
  6570 | D:10     | Noticed a two-headed ogre
  6584 | D:10     | Paralysed by fainting for 12 turns
  6613 | D:10     | Killed a two-headed ogre
  6655 | D:10     | Noticed a brown ugly thing
  6665 | D:10     | Killed a brown ugly thing
  6665 | D:10     | Reached skill level 10 in Fighting
  6877 | D:10     | Reached skill level 10 in Armour
  7067 | D:10     | Identified the Tome of Cankerous Companions
  7391 | D:11     | Noticed a sixfirhy
  7411 | D:10     | Noticed a soul eater
  7784 | D:11     | Noticed Sonja
  7808 | D:11     | Killed Sonja
  7816 | D:11     | Reached XP level 12. HP: 70/79 MP: 12/12
  8061 | D:11     | Found a portal to a secret trove of treasure.
  8212 | Lair:1   | Entered Level 1 of the Lair of Beasts
  8860 | Lair:1   | Identified Leommiw's Guide on Curses
  9532 | Lair:2   | Reached skill level 10 in Axes
  9538 | Lair:2   | Reached ****** piety under Trog
  9884 | Lair:2   | Reached XP level 13. HP: 86/86 MP: 13/13
  9970 | Lair:2   | Found a staircase to the Swamp.
 10583 | Lair:3   | Received a gift from Trog
 11209 | Lair:4   | Found a hole to the Spider Nest.
 11269 | Lair:4   | Found a gate leading to a gauntlet.
 11296 | Gauntlet | Entered a Gauntlet
 11296 | Gauntlet | Found a transporter.
 11307 | Gauntlet | Found a transporter.
 11310 | Gauntlet | Found a transporter.
 11311 | Gauntlet | Found a runed translucent door.
 11311 | Gauntlet | Found a runed translucent door.
 11331 | Gauntlet | Found a transporter.
 11344 | Gauntlet | Found a runed translucent gate.
 11344 | Gauntlet | Found a runed translucent gate.
 11456 | Gauntlet | Found a transporter.
 11456 | Gauntlet | Found a transporter.
 11456 | Gauntlet | Found a transporter.
 11541 | Gauntlet | Found a transporter.
 11541 | Gauntlet | Found a transporter.
 11618 | Gauntlet | Noticed a minotaur
 11633 | Gauntlet | Killed a minotaur
 11868 | Lair:4   | Reached skill level 10 in Dodging
 12283 | Lair:5   | Found a staircase to the Slime Pits.
 12284 | Lair:5   | Found a viscous altar of Jiyva.
 12309 | Lair:5   | Noticed Josephine
 12334 | Lair:5   | Killed Josephine
 12829 | Lair:5   | Gained mutation: Your large and strong wings let you fly
                  | indefinitely. [Gargoyle growth]
 12829 | Lair:5   | Reached XP level 14. HP: 94/94 MP: 14/14
 12981 | Lair:5   | Received a gift from Trog
 13043 | Lair:6   | Entered Level 6 of the Lair of Beasts
 13513 | Lair:6   | Received a gift from Trog
 13706 | Lair:6   | Noticed Snorg
 13717 | Lair:6   | Killed Snorg
 15119 | D:12     | Identified a scroll of acquirement
 15191 | D:12     | Reached XP level 15. HP: 32/100 MP: 15/15
 15528 | D:12     | Noticed Erolcha
 15536 | D:12     | Killed Erolcha
 15536 | D:12     | Received a gift from Trog
 16015 | D:13     | Found Meulalysh's Antique Weapon Shoppe.
 16019 | D:13     | Bought a pitted battleaxe for 287 gold pieces
 16021 | D:13     | Identified the +4 battleaxe "Demonbane" {flame, Int+3
                  | Dex+3} (You bought it in a shop on level 13 of the Dungeon)
 16097 | D:13     | Found Pafoliaw's Distillery.
 16189 | D:13     | Found a gate to the Vaults.
 16432 | D:13     | Found Sekadeg's Weapon Boutique.
 17427 | D:14     | Received a gift from Trog
 17566 | D:14     | Identified Roxanne's Volume of Shape Shifting
 17566 | D:14     | Noticed Roxanne
 17680 | D:14     | You are sucked into a shaft!
 17680 | D:15     | Entered Level 15 of the Dungeon
 17733 | D:15     | Found a staircase to the Depths.
 17977 | D:15     | Reached skill level 15 in Fighting
 18416 | D:15     | Noticed Rupert
 18441 | D:15     | Killed Rupert
 18672 | D:15     | Reached skill level 15 in Armour
 18757 | Depths:1 | Entered Level 1 of the Depths
 18896 | Depths:1 | Reached XP level 16. HP: 108/108 MP: 16/16
 19126 | Orc:1    | Entered Level 1 of the Orcish Mines
 19127 | Orc:1    | Found Pylid's Armour Shop.
 19373 | Orc:1    | Found Jeng's Assorted Antiques.
 19381 | Orc:1    | Bought a potion of heal wounds for 145 gold pieces
 19441 | Orc:1    | Received a gift from Trog
 19479 | Orc:1    | Found Ockuot's Magic Scroll Boutique.
 19569 | Orc:1    | You are sucked into a shaft!
 19569 | Orc:2    | Entered Level 2 of the Orcish Mines
 19617 | Orc:2    | Found a roughly hewn altar of Beogh.
 19806 | Orc:1    | Found Wutzatoj's Armour Shoppe.
 19992 | Orc:2    | Found a staircase to the Elven Halls.
 20532 | Orc:2    | Found Sokhouca's Antique Armour Shoppe.
 20532 | Orc:2    | Found Kuraprig's Jewellery Boutique.
 20532 | Orc:2    | Found Etein's Assorted Antiques.
 20535 | Orc:2    | Found Xithrynlu's Gadget Emporium.
 20542 | Orc:2    | Bought a potion of curing for 81 gold pieces
 20542 | Orc:2    | Bought a potion of curing for 81 gold pieces
 20542 | Orc:2    | Bought a scroll of blinking for 202 gold pieces
 20699 | Elf:1    | Entered Level 1 of the Elven Halls
 20950 | Elf:1    | Received a gift from Trog
 21275 | Elf:1    | Identified the +10 quarterstaff of Oczepim {speed, rN+ MR+}
 21305 | Elf:1    | Killed from afar by a deep elf knight

Skill      XL: |  1  2  3  4  5  6  7  8  9 10 11 12 13 14 15 |
---------------+----------------------------------------------+-----
Axes           | 3 4 5 6 8 9 10 11 12 13 | 13.6
Dodging        | 2 3 4 6 7 8 9 10 11 12 | 12.5
Armour         | 3 4 5 6 7 9 10 11 12 14 15 | 15.6
Fighting       | 4 5 6 8 9 10 12 13 14 15 | 15.8

Action                   |  1- 3 |  4- 6 |  7- 9 | 10-12 | 13-15 | 16-18 || total
-------------------------+-------+-------+-------+-------+-------+-------++-------
Melee: Hand axe          |    79 |   139 |       |       |       |       ||   218
       War axe           |       |    38 |   436 |   831 |  1355 |   368 ||  3028
       Executioner's axe |       |       |       |       |    17 |       ||    17
       Battleaxe         |       |       |       |       |     9 |       ||     9
Invok: Berserk           |     1 |     2 |     2 |     5 |    10 |     4 ||    24
       Brothers in Arms  |       |       |       |       |     3 |     1 ||     4
       Trog's Hand       |       |       |       |       |       |     4 ||     4
 Abil: Fly               |       |       |       |       |     1 |       ||     1
  Use: Scroll            |       |     2 |    14 |     9 |     9 |     6 ||    40
       Potion            |       |       |       |       |     1 |     5 ||     6
 Stab: Held in net/web   |       |       |       |       |     1 |       ||     1
  Eat: Chunk             |     2 |     6 |    12 |    24 |    40 |     9 ||    93
       Ration            |       |       |       |     3 |     2 |     1 ||     6
Armor: Animal skin       |    48 |    46 |       |       |       |       ||    94
       Chain mail        |       |    18 |   226 |       |       |       ||   244
       Plate armour      |       |       |   144 |   961 |  1473 |   445 ||  3023
Dodge: Dodged            |    58 |   137 |   247 |   494 |   798 |   293 ||  2027
